 Dungeon Crawl Stone Soup version 0.18.1-48-g4cf74bf (webtiles) character file.

288 Crag the Cleaver (level 6, -2/51 HPs)
             Began as a Hill Orc Fighter on July 31, 2016.
             Slain by Crawlgasm's ghost (13 damage)
             ... on level 3 of the Dungeon.
             The game lasted 00:06:20 (2799 turns).

Crag the Cleaver (Hill Orc Fighter)                 Turns: 2799, Time: 00:06:21

Health: -2/51      AC:  6    Str: 21    XL:     6   Next: 31%
Magic:  6/6        EV:  7    Int:  8    God:
Gold:   39         SH:  9    Dex: 10    Spells: 0 memorised, 5 levels left

rFire  . . .     SeeInvis .     a - +0 war axe
rCold  . . .     Gourm    .     b - +0 scale mail
rNeg   . . .     Faith    .     c - +0 shield
rPois  .         Spirit   .     (no helmet)
rElec  .         Dismiss  .     (no cloak)
rCorr  .         Reflect  .     (no gloves)
SustAt .         Harm     .     (no boots)
MR     .....                    (no amulet)
Stlth  ..........               (no ring)
                                (no ring)

@: not resistant to hostile enchantments, extremely unstealthy
A: no striking features
a: no special abilities


You were on level 3 of the Dungeon.
You were not hungry.

You visited 1 branch of the dungeon, and saw 3 of its levels.

You collected 39 gold pieces.

Inventory:

Hand Weapons
 a - a +0 war axe (weapon)
Armour
 b - a +0 scale mail (worn)
 c - a +0 shield (worn)
Jewellery
 d - an uncursed amulet of dismissal {unknown}
Scrolls
 h - 2 scrolls of teleportation {unknown}
 i - 5 scrolls of identify {unknown}
 j - 3 scrolls of fog {unknown}
 l - a scroll of recharging {unknown}
 q - a scroll of remove curse {unknown}
 s - a scroll of fear {unknown}
 u - 3 scrolls of magic mapping {unknown}
Potions
 g - a potion of heal wounds {unknown}
 m - a potion of brilliance
 o - a potion of curing
 p - a potion of cure mutation
 r - a potion of ambrosia
Comestibles
 f - a bread ration
 k - 2 meat rations
 n - 3 chunks of flesh
 t - a beef jerky


   Skills:
 - Level 3.6 Fighting
 + Level 8.5 Axes
 - Level 3.2 Armour
 - Level 3.2 Shields


You had 5 spell levels left.
You didn't know any spells.

Dungeon Overview and Level Annotations

Branches:
Dungeon (3/15)

Altars:
Cheibriados
Dithmenos
Xom

Annotations:
D:3 Crawlgasm's ghost, amateur GrFi


Message History

You block Crawlgasm's ghost's attack.
You hit Crawlgasm's ghost but do no damage.
Crawlgasm's ghost is severely damaged.
Crawlgasm's ghost hits you but does no damage.
Your shield prevents you from hitting Crawlgasm's ghost.
Crawlgasm's ghost is severely damaged.
Crawlgasm's ghost hits you.
You hit Crawlgasm's ghost but do no damage.
Crawlgasm's ghost is severely damaged.
Crawlgasm's ghost hits you but does no damage.
You hit Crawlgasm's ghost but do no damage.
Crawlgasm's ghost is severely damaged.
You feel less woody.
Your +0 scale mail unmelds from your body.
Crawlgasm's ghost hits you! x2
* * * LOW HITPOINT WARNING * * *
You hit Crawlgasm's ghost.
Crawlgasm's ghost is almost destroyed.
Crawlgasm's ghost hits you!
You die...

##### . ##...## ..
##.....## ... #.......#
....######## #.......#
...........####.......#
...#.W.##...........##
###@#######.......#
#..######......(#
##..............#
#..#####.).).##
.......#..)###
.............##
......#####... ......
#### ..... #...


You could see Crawlgasm's ghost.

Vanquished Creatures
  An orc wizard (D:3)
  Jessica (D:2)
  Ijyb (D:2)
  Natasha (thrice) (D:2)
  Robin (D:2)
  4 adders
  A worm (D:2)
  3 dart slugs
  A giant gecko (D:3)
  4 orcs (D:3)
  11 bats
  2 giant cockroaches
  19 goblins
  6 hobgoblins
  9 jackals (D:2)
  4 giant newts
  3 kobolds
  2 rats (D:2)
76 creatures vanquished.

Notes
Turn   | Place    | Note
--------------------------------------------------------------
     0 | D:1      | Crag the Hill Orc Fighter began the quest for the Orb.
     0 | D:1      | Reached XP level 1. HP: 19/19 MP: 1/1
   105 | D:1      | Reached skill level 3 in Axes
   297 | D:1      | Reached XP level 2. HP: 26/26 MP: 2/2
   769 | D:1      | Reached skill level 4 in Axes
  1012 | D:2      | Reached XP level 3. HP: 31/31 MP: 3/3
  1022 | D:2      | Noticed Natasha
  1029 | D:2      | Killed Natasha
  1029 | D:2      | Reached skill level 5 in Axes
  1035 | D:2      | Noticed Natasha
  1038 | D:2      | Killed Natasha
  1038 | D:2      | Reached XP level 4. HP: 15/39 MP: 4/4
  1316 | D:2      | Reached skill level 6 in Axes
  1355 | D:2      | Found a shadowy altar of Dithmenos.
  1481 | D:2      | Noticed Jessica
  1499 | D:2      | Killed Jessica
  1499 | D:2      | Reached XP level 5. HP: 45/45 MP: 5/5
  1745 | D:2      | Reached skill level 7 in Axes
  1763 | D:2      | Noticed Natasha
  1776 | D:2      | Killed Natasha
  2015 | D:2      | Found a snail-covered altar of Cheibriados.
  2060 | D:2      | Noticed Ijyb
  2071 | D:2      | Killed Ijyb
  2087 | D:2      | Noticed Robin
  2098 | D:2      | Killed Robin
  2098 | D:2      | Reached skill level 8 in Axes
  2098 | D:2      | Reached XP level 6. HP: 35/51 MP: 6/6
  2311 | D:2      | Found a shimmering altar of Xom.
  2780 | D:3      | Noticed Crawlgasm's ghost (amateur GrFi)
  2799 | D:3      | Slain by Crawlgasm's ghost

Skill      XL: |  1  2  3  4  5 |
---------------+----------------+-----
Axes           | 3 4 5 6 8 |  8.5
Fighting       | |  3.6
Armour         | |  3.2
Shields        | |  3.2

Action                   |  1- 3 |  4- 6 || total
-------------------------+-------+-------++-------
Melee: War axe           |    85 |   139 ||   224
  Use: Potion            |     1 |     5 ||     6
  Eat: Chunk             |       |     6 ||     6
Armor: Scale mail        |    35 |    50 ||    85
       Skin              |       |     9 ||     9
Dodge: Dodged            |    34 |    51 ||    85
Block: Shield            |    44 |    91 ||   135
